 Dungeon Crawl Stone Soup version 0.31-a0-744-gbc345e7fcb (webtiles) character file.

Game seed: 10519371122422263901

27 Newt the Trooper (level 2, 0/24 HPs)
             Began as a Demonspawn Gladiator on Sept 13, 2023.
             Slain by a gnoll
             ... wielding a +0 whip
              (5 damage)
             ... on level 2 of the Dungeon.
             The game lasted 00:00:59 (1102 turns).

Newt the Trooper (Demonspawn Gladiator)             Turns: 1102, Time: 00:00:59

Health: 0/24       AC:  4    Str: 14    XL:     2   Next: 93%
Magic:  2/2        EV: 12    Int:  9    God:
Gold:   40         SH:  0    Dex: 14    Spells: 1/1 levels left

rFire   . . .        i - +0 whip (elec)
rCold   . . .        (no shield)
rNeg    . . .        b - +0 leather armour
rPois   +            c - +0 helmet
rElec   .            (no cloak)
rCorr   .            (no gloves)
SInv    .            (no boots)
Will    .....        (no amulet)
Stlth   +            h - ring of poison resistance
HPRegen 0.24/turn    (no ring)
MPRegen 0.08/turn

%: no passive effects
@: no status effects
A: powered by pain 1
a: no special abilities


You were on level 2 of the Dungeon.
You visited 1 branch of the dungeon, and saw 2 of its levels.

You collected 40 gold pieces.

Inventory:

Hand Weapons
 a - a +0 rapier
 i - a +0 whip of electrocution (weapon)
Missiles
 d - 3 throwing nets (quivered)
Armour
 b - a +0 leather armour (worn)
 c - a +0 helmet (worn)
Jewellery
 h - a ring of poison resistance (left hand)
Potions
 f - a potion of heal wounds {unknown}
 g - a potion of invisibility {unknown}
 j - 2 potions of attraction {unknown}


   Skills:
 + Level 3.5 Fighting
 - Level 2.6 Short Blades
 - Level 1.7 Throwing
 - Level 2.6 Dodging


You had one spell level left.
You didn't know any spells.
Your spell library was empty.

Dungeon Overview and Level Annotations

Branches:
Dungeon (2/15)

Altars:


Innate Abilities, Weirdness & Mutations

You sometimes gain a little power by taking damage.


Message History

You barely miss the gnoll. The gnoll misses you.
Unknown command.
You closely miss the gnoll. You barely miss the gnoll.
Unknown command.
You barely miss the gnoll. The gnoll hits you with a +0 whip.
Throw: javelin
Press: ? - help, Shift-Dir - straight line, f - gnoll
Aim: a gnoll, wielding a +0 whip (60% to hit)
You throw a javelin. The javelin pierces through the gnoll!
The gnoll is severely wounded.
The javelin pierces through the gnoll!
The gnoll is severely wounded.
The javelin pierces through the endoplasm!
You kill the endoplasm!
The javelin pierces through the gnoll but does no damage.
The javelin pierces through the gnoll!
The gnoll is severely wounded.
The gnoll hits you with a +0 whip.
* * * LOW HITPOINT WARNING * * *
The gnoll hits you but does no damage.
Unknown command.
Unknown command.
You barely miss the gnoll.
The gnoll is severely wounded.
The gnoll closely misses you.
Unknown command.
You barely miss the gnoll.
The gnoll is severely wounded.
The gnoll barely misses you.
Unknown command.
You barely miss the gnoll.
The gnoll is severely wounded.
The gnoll hits you with a +0 whip.
* * * LOW HITPOINT WARNING * * *
The gnoll attacks as it pursues you! The gnoll closely misses you.
There is an open door here.
The gnoll attacks as it pursues you! The gnoll misses you.
The gnoll attacks as it pursues you! The gnoll hits you with a +0 whip.
You die...

#########.# #.........#
#.#######.# #.#######.#
#.....#...# #####.#.###
######.....#.#
############......#.....#
..(.......g'gg.g@>#.#######
###)########......#.......#
#.#############.#######.#
#.....................#.#
###############.#####.#.#
#.............#.#
#.........#.....# .
#.........#.##### .
#.........#.


You could see 4 gnolls.

Vanquished Creatures
  5 bats (D:1)
  5 endoplasms
  A hobgoblin (D:1)
  4 kobolds (D:1)
  A quokka (D:1)
  4 ball pythons (D:1)
  A frilled lizard (D:1)
  2 goblins (D:1)
  2 rats
25 creatures vanquished.

Notes
Turn   | Place    | Note
-------+----------+-------------------------------------------
     0 | D:1      | Newt the Demonspawn Gladiator began the quest for the Orb.
     0 | D:1      | Reached XP level 1. HP: 16/16 MP: 1/1
   170 | D:1      | Gained mutation: You sometimes gain a little power by
                  | taking damage. [demonic ancestry]
   170 | D:1      | Reached XP level 2. HP: 23/23 MP: 2/2
   261 | D:1      | Reached skill level 3 in Fighting
  1102 | D:2      | Slain by a gnoll

Illustrated notes

Levels and vault maps discovered:
D:1:      dpeg_arrival_chambers_temple_mockup, layout_basic, due_unseen_surprise
D:2:      layout_basic, shapermc_ecumenical_altar_notcrosses,
          kennysheep_generic_room_10

Skill      XL: |  1  2 |
---------------+-------+-----
Fighting       | 3 |  3.5
Short Blades   | |  2.6
Throwing       | |  1.7
Dodging        | |  2.6

Action                     || total
---------------------------++-------
  Melee: Rapier            ||    63
         Punch             ||     1
         Whip              ||    13
  Throw: Javelin           ||     1
   Stab: Sleeping          ||     1
 Armour: Leather armour    ||    37
  Dodge: Dodged            ||    42

Table legend: (Time is in decaauts)
 A = Elapsed time spent in this place.
 B = Non-inter-level travel time spent in this place.
 C = Inter-level travel time spent in this place.
 D = Time resting spent in this place.
 E = Time spent auto-exploring this place.
 F = Levels seen in this place.
 G = Mean time per level.
                   A        B        C        D        E       F      G
               +--------+--------+--------+--------+--------+-----+--------+
         Total |   1106 |   1094 |     12 |      0 |    906 |   2 |  553.0 |
       Dungeon |   1106 |   1094 |     12 |      0 |    906 |   2 |  553.0 |
               +--------+--------+--------+--------+--------+-----+--------+

Top non-repeatable levels by time:
     D:1: 909 daAuts
     D:2: 197 daAuts
